Nordiques vs Kings
Created - March 10, 2019 at 19:13
Goals
|
| Nordiques |
1 |
1 |
0 |
2 |
| Kings |
1 |
2 |
1 |
4 |
|
Shots
|
| Nordiques |
10 |
15 |
16 |
41 |
| Kings |
9 |
14 |
12 |
35 |
|
1st period
1. Kings , Shea Weber 6 (Marcus Nilson 13) at 14:18
2. Nordiques , Vladimir Tarasenko 45 (Jay Bouwmeester 24, Marc Savard 50) at 14:30
Penalties :
Simon Gagné (Que) for Kneeing (Minor) at 1:42, Marc Savard (Que) for Tripping (Minor) at 11:48, Fedor Tyutin (Que) for Hooking (Minor) at 18:52
2nd period
3. Kings , Johnny Gaudreau 26 (Patrick Kane 48, Brian Elliott) at 0:17 (PP)
4. Kings , Ryan Johansen 16 (Mike Brown 11) at 9:28
5. Nordiques , Ryan Ellis 14 (Vladimir Tarasenko 30, Jay Bouwmeester 25) at 18:46
Penalties :
Mike Komisarek (LAK) for Tripping (Minor) at 5:46, Staffan Kronwall (LAK) for Hooking (Minor) at 11:58
3rd period
6. Kings , Greg Campbell 11 (Shea Weber 26, Patrick Kane 49) at 15:52 (SH)
Penalties :
Mike Komisarek (LAK) for High sticking (Minor) at 3:07, Peter Worrell (LAK) for Roughing (Double Minor) at 15:09
Goalie Stats
Jonathan Quick (Que), 31 saves from 35 shots - (0.886), L, 30-20-3, 60:00 minutes
Brian Elliott (LAK), 39 saves from 41 shots - (0.951), W, 23-23-5, 60:00 minutes
Players Stats for Nordiques
Player Name G A P +/- PIM S H SB GA TA FO MP PP MP PK MP
------------------------------------------------------------------------------------
Chris Drury 0 0 0 0 0 3 4 1 0 0 5/14 14:43 0:25 0:54
David Legwand 0 0 0 -1 0 1 1 0 0 0 2/4 13:27 3:53 1:29
Dustin Byfuglien 0 0 0 -1 0 0 1 0 0 0 0/0 11:09 0:00 0:25
Fedor Tyutin 0 0 0 -1 2 0 1 0 0 2 0/0 21:03 3:40 2:20
George Parros 0 0 0 -1 0 2 1 0 1 0 0/0 8:51 0:25 0:00
Jay Bouwmeester 0 2 2 0 0 1 1 6 0 0 0/0 26:09 6:16 0:18
Jean-Pierre Dumont 0 0 0 0 0 2 0 0 1 0 1/1 8:24 0:00 0:00
Kyle Calder 0 0 0 -1 0 2 1 0 0 0 0/0 10:10 0:25 1:18
Marc Savard 0 1 1 1 2 2 3 1 0 1 25/36 23:02 5:38 1:52
Mark Eaton 0 0 0 0 0 0 0 0 0 0 0/0 12:40 0:00 2:38
Matt Moulson 0 0 0 0 0 2 0 0 0 0 0/0 8:03 0:00 0:00
Mike Fisher 0 0 0 -1 0 0 1 0 0 0 3/8 7:39 0:00 0:00
R.J. Umberger 0 0 0 -1 0 1 0 0 1 0 1/1 17:52 3:53 1:41
Ryan Callahan 0 0 0 -1 0 5 0 0 0 0 2/2 16:31 3:53 0:00
Ryan Ellis 1 0 1 1 0 5 2 1 0 1 0/0 28:36 6:16 3:27
Simon Gagné 0 0 0 1 2 5 0 0 2 0 0/2 21:50 5:38 0:40
Trevor Daley 0 0 0 -1 0 2 0 1 1 0 0/0 20:22 3:40 1:38
Vladimir Tarasenko 1 1 2 1 0 8 1 1 1 0 0/1 24:03 5:38 2:52
Players Stats for Kings
Player Name G A P +/- PIM S H SB GA TA FO MP PP MP PK MP
------------------------------------------------------------------------------------
Darnell Nurse 0 0 0 -1 0 0 4 3 0 0 0/0 23:16 0:00 5:52
David Booth 0 0 0 1 0 2 1 1 0 0 0/2 17:09 2:23 0:00
Greg Campbell 1 0 1 2 0 3 0 1 0 0 1/2 9:21 0:00 2:32
Johnny Gaudreau 1 0 1 -1 0 4 0 1 1 1 0/2 16:53 2:52 2:06
Jon Merrill 0 0 0 0 0 0 1 2 0 0 0/0 18:38 0:00 5:52
Justin Faulk 0 0 0 0 0 4 2 0 1 1 0/0 17:16 3:00 1:18
Marcus Nilson 0 1 1 1 0 0 1 0 0 0 0/0 6:19 0:00 0:00
Mike Brown 0 1 1 0 0 2 1 1 2 0 1/1 19:13 2:31 5:15
Mike Komisarek 0 0 0 1 4 1 3 0 0 0 0/0 16:14 0:00 2:18
Nikita Kucherov 0 0 0 -1 0 1 2 0 0 1 1/2 14:38 2:52 0:00
Patrick Kane 0 2 2 1 0 2 2 1 0 0 2/2 21:03 3:00 2:58
Peter Worrell 0 0 0 0 4 2 2 1 0 1 1/1 11:20 0:00 0:00
Ryan Johansen 1 0 1 0 0 3 0 0 0 0 9/14 13:34 2:31 0:00
Ryan O'Reilly 0 0 0 0 0 4 1 2 0 1 7/21 19:36 2:31 2:01
Shea Weber 1 1 2 1 0 3 1 2 0 0 0/0 25:34 2:23 4:04
Sidney Crosby 0 0 0 -1 0 3 2 0 0 2 8/22 19:48 2:52 5:00
Staffan Kronwall 0 0 0 0 2 0 0 1 0 0 0/0 13:49 0:00 0:28
Tomas Plekanec 0 0 0 1 0 1 0 0 0 0 0/0 6:19 0:00 0:00
3 Stars
1 - Brian Elliott (LAK)
2 - Shea Weber (LAK)
3 - Patrick Kane (LAK)
Power Play
Nordiques - 0 on 5 Attempt(s) - 0.00%
Kings - 1 on 3 Attempt(s) - 33.33%
Penalty Kill
Nordiques - 2 on 3 Attempt(s) - 66.67%
- Score 0 goal in Penalty Kill
Kings - 5 on 5 Attempt(s) - 100.00%
- Score 1 goal in Penalty Kill
Team Stat
Nordiques - Hits : 17 - Faceoff Wins : 39 - Blocked Shots : 11 - Penalty Minutes : 6
Kings - Hits : 23 - Faceoff Wins : 30 - Blocked Shots : 16 - Penalty Minutes : 10
Official
Referees : Unknown
Linesman : Unknown
Game Notes
0:17 of 2nd period - Kings goal is going for a video replay. After video review, Goal.
Finance
Level 1 -- Attendance: 4487 (74.78%) -- Ticket Income $448,700
Level 2 -- Attendance: 3634 (72.68%) -- Ticket Income $218,040
Level 3 -- Attendance: 2000 (100.00%) -- Ticket Income $70,000
Level 4 -- Attendance: 3898 (97.45%) -- Ticket Income $97,450
Luxury Box -- Attendance: 954 (95.40%) -- Ticket Income $147,870
Game was played at the Staples Center.
Total Attendance: 14973 (83.18%)
Total Ticket Income: $982,060
Other Income: $147,309
Total Income: $1,129,369
Nordiques
5 vs 5 Forward
Center Left Wing Right Wing Time % Phy DF OF
1 Marc Savard Simon Gagné Vladimir Tarasenko 40 0 1 4
2 Chris Drury R.J. Umberger Ryan Callahan 30 1 1 3
3 David Legwand Matt Moulson Jean-Pierre Dumont 20 1 1 3
4 Mike Fisher Kyle Calder George Parros 10 2 1 2
5 vs 5 Defense
Defense Defense Time % Phy DF OF
1 Jay Bouwmeester Ryan Ellis 40 1 3 1
2 Fedor Tyutin Trevor Daley 30 1 3 1
3 Dustin Byfuglien Mark Eaton 20 1 3 1
4 Jay Bouwmeester Ryan Ellis 10 1 3 1
PowerPlay Forward
Center Left Wing Right Wing Time % Phy DF OF
1 Marc Savard Simon Gagné Vladimir Tarasenko 60 0 0 5
2 David Legwand R.J. Umberger Ryan Callahan 40 0 0 5
PowerPlay Defense
Defense Defense Time % Phy DF OF
1 Jay Bouwmeester Ryan Ellis 60 0 2 3
2 Trevor Daley Fedor Tyutin 40 0 2 3
Penalty Kill 4 Players Forward
Center Wing Time % Phy DF OF
1 Marc Savard Vladimir Tarasenko 60 1 4 0
2 David Legwand Simon Gagné 40 1 4 0
Penalty Kill 4 Players Defense
Defense Defense Time % Phy DF OF
1 Fedor Tyutin Ryan Ellis 60 1 4 0
2 Trevor Daley Mark Eaton 40 1 4 0
Penalty Kill - 3 Players Forward
Forward Time % Phy DF OF
1 Marc Savard 60 0 5 0
2 Vladimir Tarasenko 40 0 5 0
Penalty Kill - 3 Players Defense
Defense Defense Time % Phy DF OF
1 Fedor Tyutin Ryan Ellis 60 1 4 0
2 Mark Eaton Trevor Daley 40 1 4 0
4 vs 4 Forward
Center Wing Time % Phy DF OF
1 Marc Savard Vladimir Tarasenko 60 0 1 4
2 David Legwand Chris Drury 40 0 1 4
4 vs 4 Defense
Defense Defense Time % Phy DF OF
1 Jay Bouwmeester Ryan Ellis 60 1 4 0
2 Fedor Tyutin Trevor Daley 40 1 4 0
Last Minutes Offensive
Center Left Wing Right Wing Defense Defense
Marc Savard Simon Gagné Vladimir Tarasenko Fedor Tyutin Ryan Ellis
Last Minutes Defensive
Center Left Wing Right Wing Defense Defense
Marc Savard Mike Fisher Vladimir Tarasenko Jay Bouwmeester Ryan Ellis
Goaltenders
Starting : Jonathan Quick
Backup : Philipp Grubauer
Extra Forwards
Normal : Vladimir Tarasenko, Ryan Callahan, David Legwand - PP : Vladimir Tarasenko, Ryan Callahan - PK : R.J. Umberger
Extra Defensemen
Normal : Ryan Ellis, Fedor Tyutin, Jay Bouwmeester - PP : Ryan Ellis - PK : Mark Eaton, Fedor Tyutin
Penalty Shots
Marc Savard, Vladimir Tarasenko, David Legwand, Chris Drury, Ryan Callahan
Scratches
Bruno Gervais (Healthy), Paul Gaustad (Healthy), T.J. Fast (Healthy), Tim Crowder (Healthy), Julien Ellis (Healthy)
Kings
5 vs 5 Forward
Center Left Wing Right Wing Time % Phy DF OF
1 Ryan O'Reilly David Booth Patrick Kane 35 1 2 2
2 Ryan Johansen Peter Worrell Mike Brown 30 1 2 2
3 Sidney Crosby Johnny Gaudreau Nikita Kucherov 30 1 0 4
4 Greg Campbell Marcus Nilson Tomas Plekanec 5 0 3 2
5 vs 5 Defense
Defense Defense Time % Phy DF OF
1 Darnell Nurse Shea Weber 40 2 3 0
2 Justin Faulk Mike Komisarek 30 0 3 2
3 Staffan Kronwall Jon Merrill 30 0 5 0
4 Jon Merrill Justin Faulk 0 1 3 1
PowerPlay Forward
Center Left Wing Right Wing Time % Phy DF OF
1 Sidney Crosby Johnny Gaudreau Nikita Kucherov 60 0 0 5
2 Ryan Johansen Ryan O'Reilly Mike Brown 40 0 0 5
PowerPlay Defense
Defense Defense Time % Phy DF OF
1 Justin Faulk Patrick Kane 60 0 2 3
2 David Booth Shea Weber 40 0 2 3
Penalty Kill 4 Players Forward
Center Wing Time % Phy DF OF
1 Sidney Crosby Mike Brown 60 1 3 1
2 Greg Campbell Patrick Kane 40 1 3 1
Penalty Kill 4 Players Defense
Defense Defense Time % Phy DF OF
1 Darnell Nurse Jon Merrill 60 0 5 0
2 Shea Weber Mike Komisarek 40 0 5 0
Penalty Kill - 3 Players Forward
Forward Time % Phy DF OF
1 Sidney Crosby 60 1 4 0
2 Patrick Kane 40 1 4 0
Penalty Kill - 3 Players Defense
Defense Defense Time % Phy DF OF
1 Shea Weber Jon Merrill 60 0 5 0
2 Darnell Nurse Mike Komisarek 40 0 5 0
4 vs 4 Forward
Center Wing Time % Phy DF OF
1 Sidney Crosby Patrick Kane 60 0 3 2
2 Johnny Gaudreau David Booth 40 0 2 3
4 vs 4 Defense
Defense Defense Time % Phy DF OF
1 Shea Weber Justin Faulk 60 1 2 2
2 Jon Merrill Mike Komisarek 40 1 2 2
Last Minutes Offensive
Center Left Wing Right Wing Defense Defense
Sidney Crosby Johnny Gaudreau Patrick Kane Shea Weber Justin Faulk
Last Minutes Defensive
Center Left Wing Right Wing Defense Defense
Sidney Crosby David Booth Patrick Kane Shea Weber Jon Merrill
Goaltenders
Starting : Brian Elliott
Backup : Pascal Leclaire
Extra Forwards
Normal : Patrick Kane, Sidney Crosby, Ryan Johansen - PP : Marcus Nilson, Mike Brown - PK : Patrick Kane
Extra Defensemen
Normal : Shea Weber, Jon Merrill, Darnell Nurse - PP : Jon Merrill - PK : Justin Faulk, Staffan Kronwall
Penalty Shots
Nikita Kucherov, Patrick Kane, Sidney Crosby, Ryan Johansen, David Booth
Scratches
Wayne Simmonds (Suspend), Paul Martin (Healthy)
% Time on Ice - Nordiques
Lines # - Real PCT - Wanted PCT - Time Play
Normal Forward
1 - 36% - 40% - 16:11
2 - 29% - 30% - 12:48
3 - 18% - 20% - 8:03
4 - 17% - 10% - 7:39
Normal Defense
1 - 40% - 40% - 17:54
2 - 34% - 30% - 15:04
3 - 22% - 20% - 10:01
4 - 4% - 10% - 1:42
PP Forward
1 - 57% - 60% - 5:41
2 - 43% - 40% - 4:15
PP Defense
1 - 63% - 60% - 6:16
2 - 37% - 40% - 3:40
PK Forward
1 - 72% - 60% - 3:54
2 - 28% - 40% - 1:29
PK Defense
1 - 70% - 60% - 3:45
2 - 30% - 40% - 1:38
PK3 Forward
1 - 0% - 60%
2 - 0% - 40%
PK3 Defense
1 - 0% - 60%
2 - 0% - 40%
44 Forward
1 - 0% - 60%
2 - 0% - 40%
44 Defense
1 - 0% - 60%
2 - 0% - 40%
Last Minute Offensive - 0:00
Last Minute Defensive - 0:00
Total
Forward - 60:00
Defense - 60:00
|
% Time on Ice - Kings
Lines # - Real PCT - Wanted PCT - Time Play
Normal Forward
1 - 34% - 35% - 15:05
2 - 26% - 30% - 11:46
3 - 26% - 30% - 11:31
4 - 14% - 5% - 6:19
Normal Defense
1 - 40% - 40% - 17:43
2 - 31% - 30% - 14:04
3 - 28% - 30% - 12:44
4 - 0% - 0% - 0:10
PP Forward
1 - 53% - 60% - 2:52
2 - 47% - 40% - 2:31
PP Defense
1 - 56% - 60% - 3:00
2 - 44% - 40% - 2:23
PK Forward
1 - 74% - 60% - 7:24
2 - 26% - 40% - 2:32
PK Defense
1 - 59% - 60% - 5:52
2 - 41% - 40% - 4:04
PK3 Forward
1 - 0% - 60%
2 - 0% - 40%
PK3 Defense
1 - 0% - 60%
2 - 0% - 40%
44 Forward
1 - 0% - 60%
2 - 0% - 40%
44 Defense
1 - 0% - 60%
2 - 0% - 40%
Last Minute Offensive - 0:00
Last Minute Defensive - 0:00
Total
Forward - 60:00
Defense - 60:00
|
Play-by-Play
1st period
0:01 of 1st period - Marc Savard wins face-off versus Ryan O'Reilly in neutral zone.
0:06 of 1st period - Wrist shot by Simon Gagné.
0:06 of 1st period - Shot Blocked by Darnell Nurse.
0:48 of 1st period - Slapshot by Shea Weber.
0:48 of 1st period - Stopped by Jonathan Quick without a rebound.
0:49 of 1st period - Jean-Pierre Dumont wins face-off versus Johnny Gaudreau in Nordiques zone.
0:58 of 1st period - Slapshot by Fedor Tyutin.
0:58 of 1st period - Deflect By David Legwand.
0:58 of 1st period - Shot Misses the Net.
0:58 of 1st period - Puck is out of play.
0:59 of 1st period - Nikita Kucherov wins face-off versus Mike Fisher in Kings zone.
0:59 of 1st period - Nikita Kucherov is hit by Dustin Byfuglien.
1:27 of 1st period - Marc Savard is hit by Mike Komisarek and loses puck.
1:42 of 1st period - Minor Penalty to Simon Gagné for Kneeing.
1:43 of 1st period - Marc Savard wins face-off versus Nikita Kucherov in Nordiques zone.
1:43 of 1st period - Marc Savard is hit by Sidney Crosby.
2:09 of 1st period - Patrick Kane is hit by David Legwand and loses puck.
2:18 of 1st period - Slapshot by David Booth.
2:18 of 1st period - Stopped by Jonathan Quick with a rebound.
3:32 of 1st period - Shea Weber is hit by Ryan Ellis and loses puck.
3:42 of 1st period - Penalty to Simon Gagné is over, Simon Gagné is back on ice.
4:37 of 1st period - Dustin Byfuglien is hit by Mike Brown and loses puck.
5:20 of 1st period - Snap shot by Simon Gagné.
5:20 of 1st period - Shot Blocked by Staffan Kronwall.
6:01 of 1st period - George Parros is hit by Marcus Nilson and loses puck.
7:08 of 1st period - Slapshot by Simon Gagné.
7:08 of 1st period - Stopped by Brian Elliott without a rebound.
7:09 of 1st period - Marc Savard wins face-off versus Ryan O'Reilly in Kings zone.
7:30 of 1st period - R.J. Umberger is hit by Justin Faulk and loses puck.
7:39 of 1st period - Wrist shot by Mike Brown.
7:39 of 1st period - Shot Blocked by Jay Bouwmeester.
8:45 of 1st period - Patrick Kane is hit by Chris Drury.
8:55 of 1st period - Slapshot by George Parros.
8:55 of 1st period - Deflect By Ryan Johansen.
8:55 of 1st period - Shot Blocked by Mike Brown.
8:55 of 1st period - Puck is out of play.
8:56 of 1st period - Mike Fisher wins face-off versus Ryan Johansen in Kings zone.
9:03 of 1st period - Ryan Ellis is hit by Peter Worrell and loses puck.
9:27 of 1st period - Wrist shot by Sidney Crosby.
9:27 of 1st period - Stopped by Jonathan Quick without a rebound.
9:28 of 1st period - Marc Savard wins face-off versus Ryan O'Reilly in Nordiques zone.
9:33 of 1st period - Backhand shot by Simon Gagné.
9:33 of 1st period - Stopped by Brian Elliott without a rebound.
9:34 of 1st period - Marc Savard wins face-off versus Ryan O'Reilly in Kings zone.
9:39 of 1st period - Wrist shot by Vladimir Tarasenko.
9:39 of 1st period - Deflect By Marc Savard.
9:39 of 1st period - Shot Hit the Post.
9:39 of 1st period - Puck is out of play.
9:40 of 1st period - Marc Savard wins face-off versus Ryan O'Reilly in Kings zone.
9:40 of 1st period - Ryan Ellis is hit by David Booth and loses puck.
10:18 of 1st period - Snap shot by Peter Worrell.
10:18 of 1st period - Shot Misses the Net.
10:38 of 1st period - Slapshot by Trevor Daley.
10:38 of 1st period - Stopped by Brian Elliott with a rebound.
10:40 of 1st period - Wrist shot by David Legwand.
10:40 of 1st period - Stopped by Brian Elliott without a rebound.
10:41 of 1st period - Marc Savard wins face-off versus Ryan O'Reilly in Kings zone.
10:53 of 1st period - Icing by Justin Faulk.
10:54 of 1st period - Marc Savard wins face-off versus Ryan O'Reilly in Kings zone.
11:17 of 1st period - Wrist shot by Patrick Kane.
11:17 of 1st period - Shot Blocked by Jay Bouwmeester.
11:19 of 1st period - Snap shot by Patrick Kane.
11:19 of 1st period - Shot Misses the Net.
11:21 of 1st period - Slapshot by David Booth.
11:21 of 1st period - Stopped by Jonathan Quick without a rebound.
11:22 of 1st period - Sidney Crosby wins face-off versus Chris Drury in Nordiques zone.
11:37 of 1st period - Slapshot by Sidney Crosby.
11:37 of 1st period - Deflect By Nikita Kucherov.
11:37 of 1st period - Stopped by Jonathan Quick without a rebound.
11:38 of 1st period - Patrick Kane wins face-off versus Simon Gagné in Nordiques zone.
11:45 of 1st period - Wrist shot by Ryan O'Reilly.
11:45 of 1st period - Stopped by Jonathan Quick without a rebound.
11:46 of 1st period - Marc Savard wins face-off versus Sidney Crosby in Nordiques zone.
11:48 of 1st period - Minor Penalty to Marc Savard for Tripping.
11:49 of 1st period - R.J. Umberger wins face-off versus Johnny Gaudreau in Nordiques zone.
12:15 of 1st period - Ryan Johansen is hit by Ryan Ellis and loses puck.
13:48 of 1st period - Penalty to Marc Savard is over, Marc Savard is back on ice.
14:16 of 1st period - Snap shot by Marcus Nilson.
14:16 of 1st period - Shot Misses the Net.
14:18 of 1st period - Wrist shot by Shea Weber.
14:18 of 1st period - Goal by Shea Weber - Nordiques : 0 - Kings : 1.
14:19 of 1st period - Marc Savard wins face-off versus Sidney Crosby in neutral zone.
14:30 of 1st period - Wrist shot by Vladimir Tarasenko.
14:30 of 1st period - Goal by Vladimir Tarasenko - Nordiques : 1 - Kings : 1.
14:31 of 1st period - Ryan O'Reilly wins face-off versus Marc Savard in neutral zone.
14:47 of 1st period - Slapshot by Simon Gagné.
14:47 of 1st period - Deflect By Vladimir Tarasenko.
14:47 of 1st period - Shot Blocked by Patrick Kane.
14:47 of 1st period - Puck is out of play.
14:48 of 1st period - Chris Drury wins face-off versus Sidney Crosby in Kings zone.
14:51 of 1st period - Slapshot by Chris Drury.
14:51 of 1st period - Shot Misses the Net.
14:53 of 1st period - Slapshot by Jay Bouwmeester.
14:53 of 1st period - Deflect By Ryan Callahan.
14:53 of 1st period - Stopped by Brian Elliott with a rebound.
14:55 of 1st period - Snap shot by Ryan Callahan.
14:55 of 1st period - Stopped by Brian Elliott without a rebound.
14:56 of 1st period - Sidney Crosby wins face-off versus Chris Drury in Kings zone.
15:09 of 1st period - Shea Weber is hit by Chris Drury and loses puck.
15:18 of 1st period - Wrist shot by Chris Drury.
15:18 of 1st period - Stopped by Brian Elliott without a rebound.
15:19 of 1st period - Marc Savard wins face-off versus David Booth in Kings zone.
16:28 of 1st period - Slapshot by Kyle Calder.
16:28 of 1st period - Stopped by Brian Elliott with a rebound.
16:32 of 1st period - Slapshot by Kyle Calder.
16:32 of 1st period - Shot Blocked by Darnell Nurse.
16:34 of 1st period - Slapshot by Fedor Tyutin.
16:34 of 1st period - Shot Blocked by Shea Weber.
16:36 of 1st period - Snap shot by Trevor Daley.
16:36 of 1st period - Stopped by Brian Elliott without a rebound.
16:37 of 1st period - Marc Savard wins face-off versus Ryan O'Reilly in Kings zone.
16:38 of 1st period - Slapshot by Ryan Ellis.
16:38 of 1st period - Shot Blocked by David Booth.
16:46 of 1st period - Slapshot by Patrick Kane.
16:46 of 1st period - Deflect By Ryan Ellis.
16:46 of 1st period - Shot Misses the Net.
16:46 of 1st period - Puck is out of play.
16:47 of 1st period - Ryan O'Reilly wins face-off versus Marc Savard in Nordiques zone.
16:50 of 1st period - Wrist shot by Patrick Kane.
16:50 of 1st period - Shot Misses the Net.
16:52 of 1st period - Snap shot by Justin Faulk.
16:52 of 1st period - Stopped by Jonathan Quick with a rebound.
16:59 of 1st period - Icing by Simon Gagné.
17:00 of 1st period - Marc Savard wins face-off versus Ryan Johansen in Nordiques zone.
17:11 of 1st period - Wrist shot by Mike Brown.
17:11 of 1st period - Stopped by Jonathan Quick without a rebound.
17:12 of 1st period - Ryan Johansen wins face-off versus Vladimir Tarasenko in Nordiques zone.
18:52 of 1st period - Minor Penalty to Fedor Tyutin for Hooking.
18:53 of 1st period - Ryan Johansen wins face-off versus Marc Savard in Nordiques zone.
Goals for this period are 1 for Nordiques vs 1 for Kings.
Shots for this period are 10 for Nordiques vs 9 for Kings.
2nd period
0:01 of 2nd period - Sidney Crosby wins face-off versus Marc Savard in neutral zone.
0:15 of 2nd period - Slapshot by Patrick Kane.
0:15 of 2nd period - Shot Blocked by Marc Savard.
0:17 of 2nd period - Wrist shot by Johnny Gaudreau.
0:17 of 2nd period - Kings goal is going for a video replay.
0:17 of 2nd period - The goal is good.
0:17 of 2nd period - Goal by Johnny Gaudreau - Nordiques : 1 - Kings : 2.
0:18 of 2nd period - Ryan O'Reilly wins face-off versus Chris Drury in neutral zone.
1:33 of 2nd period - Snap shot by Vladimir Tarasenko.
1:33 of 2nd period - Stopped by Brian Elliott with a rebound.
2:20 of 2nd period - Slapshot by R.J. Umberger.
2:20 of 2nd period - Shot Misses the Net.
2:39 of 2nd period - Ryan Ellis is hit by Nikita Kucherov and loses puck.
2:56 of 2nd period - Wrist shot by Kyle Calder.
2:56 of 2nd period - Shot Blocked by Shea Weber.
2:59 of 2nd period - Icing by Marcus Nilson.
3:00 of 2nd period - Greg Campbell wins face-off versus Mike Fisher in Kings zone.
3:22 of 2nd period - Icing by Mark Eaton.
3:23 of 2nd period - Mike Fisher wins face-off versus Ryan O'Reilly in Nordiques zone.
3:40 of 2nd period - Snap shot by Ryan O'Reilly.
3:40 of 2nd period - Shot Misses the Net.
3:58 of 2nd period - Sidney Crosby is hit by Mike Fisher and loses puck.
4:28 of 2nd period - Snap shot by Kyle Calder.
4:28 of 2nd period - Shot Misses the Net.
4:30 of 2nd period - Slapshot by Trevor Daley.
4:30 of 2nd period - Shot Misses the Net.
4:32 of 2nd period - Snap shot by George Parros.
4:32 of 2nd period - Stopped by Brian Elliott with a rebound.
4:34 of 2nd period - Snap shot by Kyle Calder.
4:34 of 2nd period - Stopped by Brian Elliott without a rebound.
4:35 of 2nd period - Ryan O'Reilly wins face-off versus Chris Drury in Kings zone.
5:46 of 2nd period - Minor Penalty to Mike Komisarek for Tripping.
5:47 of 2nd period - Marc Savard wins face-off versus Sidney Crosby in Kings zone.
7:46 of 2nd period - Penalty to Mike Komisarek is over, Mike Komisarek is back on ice.
7:46 of 2nd period - Staffan Kronwall is hit by Kyle Calder and loses puck.
7:59 of 2nd period - Kyle Calder is hit by Shea Weber.
8:11 of 2nd period - Wrist shot by Marcus Nilson.
8:11 of 2nd period - Shot Misses the Net.
8:19 of 2nd period - Wrist shot by Tomas Plekanec.
8:19 of 2nd period - Stopped by Jonathan Quick without a rebound.
8:20 of 2nd period - Ryan Johansen wins face-off versus Mike Fisher in Nordiques zone.
8:25 of 2nd period - Snap shot by Mike Brown.
8:25 of 2nd period - Shot Misses the Net.
8:29 of 2nd period - Slapshot by Justin Faulk.
8:29 of 2nd period - Stopped by Jonathan Quick without a rebound.
8:30 of 2nd period - Ryan Johansen wins face-off versus Mike Fisher in Nordiques zone.
8:31 of 2nd period - Wrist shot by Justin Faulk.
8:31 of 2nd period - Deflect By Jay Bouwmeester.
8:31 of 2nd period - Stopped by Jonathan Quick with a rebound.
8:33 of 2nd period - Slapshot by Mike Komisarek.
8:33 of 2nd period - Shot Blocked by Jay Bouwmeester.
8:35 of 2nd period - Slapshot by Mike Komisarek.
8:35 of 2nd period - Shot Blocked by Jay Bouwmeester.
8:37 of 2nd period - Slapshot by Mike Komisarek.
8:37 of 2nd period - Stopped by Jonathan Quick without a rebound.
8:38 of 2nd period - Ryan O'Reilly wins face-off versus Chris Drury in Nordiques zone.
8:39 of 2nd period - Backhand shot by Patrick Kane.
8:39 of 2nd period - Stopped by Jonathan Quick without a rebound.
8:40 of 2nd period - Patrick Kane wins face-off versus Chris Drury in Nordiques zone.
8:41 of 2nd period - Snap shot by Ryan O'Reilly.
8:41 of 2nd period - Stopped by Jonathan Quick without a rebound.
8:42 of 2nd period - Chris Drury wins face-off versus Ryan O'Reilly in Nordiques zone.
9:12 of 2nd period - Snap shot by Ryan Ellis.
9:12 of 2nd period - Shot Blocked by Peter Worrell.
9:14 of 2nd period - Wrist shot by Vladimir Tarasenko.
9:14 of 2nd period - Stopped by Brian Elliott without a rebound.
9:15 of 2nd period - Ryan Johansen wins face-off versus Marc Savard in Kings zone.
9:20 of 2nd period - Snap shot by Ryan Johansen.
9:20 of 2nd period - Stopped by Jonathan Quick without a rebound.
9:21 of 2nd period - Ryan Johansen wins face-off versus Marc Savard in Nordiques zone.
9:28 of 2nd period - Slapshot by Ryan Johansen.
9:28 of 2nd period - Goal by Ryan Johansen - Nordiques : 1 - Kings : 3.
9:29 of 2nd period - Chris Drury wins face-off versus Ryan O'Reilly in neutral zone.
9:34 of 2nd period - Snap shot by Ryan Callahan.
9:34 of 2nd period - Shot Misses the Net.
9:36 of 2nd period - Slapshot by Jay Bouwmeester.
9:36 of 2nd period - Stopped by Brian Elliott with a rebound.
9:38 of 2nd period - Slapshot by Jay Bouwmeester.
9:38 of 2nd period - Deflect By Chris Drury.
9:38 of 2nd period - Shot Misses the Net.
9:38 of 2nd period - Puck is out of play.
9:39 of 2nd period - Chris Drury wins face-off versus David Booth in Kings zone.
10:48 of 2nd period - R.J. Umberger is hit by Darnell Nurse and loses puck.
10:57 of 2nd period - Wrist shot by R.J. Umberger.
10:57 of 2nd period - Deflect By Ryan Callahan.
10:57 of 2nd period - Stopped by Brian Elliott with a rebound.
10:59 of 2nd period - Slapshot by Chris Drury.
10:59 of 2nd period - Stopped by Brian Elliott without a rebound.
11:00 of 2nd period - Marc Savard wins face-off versus Sidney Crosby in Kings zone.
11:01 of 2nd period - Slapshot by Simon Gagné.
11:01 of 2nd period - Stopped by Brian Elliott without a rebound.
11:02 of 2nd period - Marc Savard wins face-off versus Sidney Crosby in Kings zone.
11:07 of 2nd period - Snap shot by Marc Savard.
11:07 of 2nd period - Stopped by Brian Elliott without a rebound.
11:08 of 2nd period - Marc Savard wins face-off versus Sidney Crosby in Kings zone.
11:21 of 2nd period - Snap shot by Marc Savard.
11:21 of 2nd period - Stopped by Brian Elliott with a rebound.
11:23 of 2nd period - Slapshot by Simon Gagné.
11:23 of 2nd period - Shot Misses the Net.
11:58 of 2nd period - Minor Penalty to Staffan Kronwall for Hooking.
11:59 of 2nd period - Sidney Crosby wins face-off versus David Legwand in Kings zone.
12:25 of 2nd period - Vladimir Tarasenko is hit by Patrick Kane and loses puck.
13:12 of 2nd period - Darnell Nurse is hit by Fedor Tyutin.
13:44 of 2nd period - Jon Merrill is hit by Marc Savard and loses puck.
13:58 of 2nd period - Penalty to Staffan Kronwall is over, Staffan Kronwall is back on ice.
15:21 of 2nd period - Ryan Ellis is hit by Darnell Nurse and loses puck.
15:34 of 2nd period - Kyle Calder is hit by Sidney Crosby and loses puck.
15:39 of 2nd period - Slapshot by Sidney Crosby.
15:39 of 2nd period - Shot Blocked by Ryan Ellis.
15:41 of 2nd period - Snap shot by Sidney Crosby.
15:41 of 2nd period - Stopped by Jonathan Quick with a rebound.
16:06 of 2nd period - Icing by Mark Eaton.
16:07 of 2nd period - Ryan O'Reilly wins face-off versus Marc Savard in Nordiques zone.
16:29 of 2nd period - Icing by Staffan Kronwall.
16:30 of 2nd period - David Legwand wins face-off versus Ryan Johansen in Kings zone.
16:50 of 2nd period - Off-side.
16:51 of 2nd period - Marc Savard wins face-off versus Sidney Crosby in neutral zone.
17:22 of 2nd period - Icing by Mike Brown.
17:23 of 2nd period - Mike Brown wins face-off versus Chris Drury in Kings zone.
17:32 of 2nd period - Fedor Tyutin is hit by Darnell Nurse and loses puck.
18:10 of 2nd period - Snap shot by David Legwand.
18:10 of 2nd period - Shot Misses the Net.
18:12 of 2nd period - Slapshot by David Legwand.
18:12 of 2nd period - Shot Blocked by Johnny Gaudreau.
18:14 of 2nd period - Snap shot by Matt Moulson.
18:14 of 2nd period - Stopped by Brian Elliott with a rebound.
18:16 of 2nd period - Slapshot by David Legwand.
18:16 of 2nd period - Shot Misses the Net.
18:18 of 2nd period - Wrist shot by Matt Moulson.
18:18 of 2nd period - Shot Misses the Net.
18:20 of 2nd period - Slapshot by David Legwand.
18:20 of 2nd period - Deflect By Matt Moulson.
18:20 of 2nd period - Stopped by Brian Elliott with a rebound.
18:34 of 2nd period - Slapshot by Justin Faulk.
18:34 of 2nd period - Deflect By Kyle Calder.
18:34 of 2nd period - Stopped by Jonathan Quick without a rebound.
18:35 of 2nd period - Marc Savard wins face-off versus Ryan Johansen in Nordiques zone.
18:40 of 2nd period - Slapshot by Vladimir Tarasenko.
18:40 of 2nd period - Stopped by Brian Elliott with a rebound.
18:44 of 2nd period - Wrist shot by Vladimir Tarasenko.
18:44 of 2nd period - Stopped by Brian Elliott with a rebound.
18:46 of 2nd period - Slapshot by Ryan Ellis.
18:46 of 2nd period - Goal by Ryan Ellis - Nordiques : 2 - Kings : 3.
18:47 of 2nd period - Marc Savard wins face-off versus Ryan O'Reilly in neutral zone.
18:58 of 2nd period - Snap shot by Ryan O'Reilly.
18:58 of 2nd period - Stopped by Jonathan Quick with a rebound.
19:00 of 2nd period - Wrist shot by Shea Weber.
19:00 of 2nd period - Shot Blocked by Vladimir Tarasenko.
19:02 of 2nd period - Slapshot by Shea Weber.
19:02 of 2nd period - Stopped by Jonathan Quick without a rebound.
19:03 of 2nd period - Ryan Johansen wins face-off versus Chris Drury in Nordiques zone.
19:30 of 2nd period - David Booth is hit by Marc Savard and loses puck.
19:55 of 2nd period - Slapshot by Johnny Gaudreau.
19:55 of 2nd period - Stopped by Jonathan Quick with a rebound.
Goals for this period are 1 for Nordiques vs 2 for Kings.
Shots for this period are 15 for Nordiques vs 14 for Kings.
3rd period
0:01 of 3rd period - Marc Savard wins face-off versus Ryan Johansen in neutral zone.
1:08 of 3rd period - Icing by Mark Eaton.
1:09 of 3rd period - Peter Worrell wins face-off versus Simon Gagné in Nordiques zone.
1:20 of 3rd period - Simon Gagné is hit by Peter Worrell and loses puck.
1:37 of 3rd period - Wrist shot by Patrick Kane.
1:37 of 3rd period - Shot Misses the Net.
1:39 of 3rd period - Snap shot by Darnell Nurse.
1:39 of 3rd period - Shot Misses the Net.
2:22 of 3rd period - Wrist shot by Ryan Johansen.
2:22 of 3rd period - Stopped by Jonathan Quick with a rebound.
3:07 of 3rd period - Minor Penalty to Mike Komisarek for High sticking.
3:08 of 3rd period - Marc Savard wins face-off versus Sidney Crosby in Kings zone.
3:40 of 3rd period - Slapshot by Ryan Ellis.
3:40 of 3rd period - Stopped by Brian Elliott with a rebound.
3:42 of 3rd period - Wrist shot by David Legwand.
3:42 of 3rd period - Shot Blocked by Jon Merrill.
3:44 of 3rd period - Wrist shot by Ryan Ellis.
3:44 of 3rd period - Stopped by Brian Elliott with a rebound.
5:07 of 3rd period - Penalty to Mike Komisarek is over, Mike Komisarek is back on ice.
5:35 of 3rd period - Snap shot by Marc Savard.
5:35 of 3rd period - Shot Misses the Net.
5:45 of 3rd period - Wrist shot by Mike Brown.
5:45 of 3rd period - Deflect By Sidney Crosby.
5:45 of 3rd period - Stopped by Jonathan Quick without a rebound.
5:46 of 3rd period - Ryan O'Reilly wins face-off versus Mike Fisher in Nordiques zone.
5:47 of 3rd period - Wrist shot by Patrick Kane.
5:47 of 3rd period - Stopped by Jonathan Quick with a rebound.
5:57 of 3rd period - Mike Fisher is hit by Justin Faulk.
7:29 of 3rd period - Mark Eaton is hit by Jon Merrill and loses puck.
7:54 of 3rd period - Shea Weber is hit by George Parros and loses puck.
8:13 of 3rd period - Ryan Callahan is hit by Nikita Kucherov and loses puck.
8:24 of 3rd period - David Booth is hit by Vladimir Tarasenko.
8:34 of 3rd period - George Parros is hit by Mike Komisarek.
9:25 of 3rd period - Wrist shot by Ryan Callahan.
9:25 of 3rd period - Stopped by Brian Elliott with a rebound.
9:27 of 3rd period - Slapshot by Ryan Ellis.
9:27 of 3rd period - Stopped by Brian Elliott with a rebound.
9:29 of 3rd period - Snap shot by Chris Drury.
9:29 of 3rd period - Stopped by Brian Elliott with a rebound.
9:31 of 3rd period - Snap shot by Dustin Byfuglien.
9:31 of 3rd period - Shot Misses the Net.
10:23 of 3rd period - Staffan Kronwall is hit by Marc Savard and loses puck.
10:40 of 3rd period - Snap shot by Ryan O'Reilly.
10:40 of 3rd period - Stopped by Jonathan Quick without a rebound.
10:41 of 3rd period - Sidney Crosby wins face-off versus Chris Drury in Nordiques zone.
10:42 of 3rd period - Wrist shot by Johnny Gaudreau.
10:42 of 3rd period - Stopped by Jonathan Quick with a rebound.
10:44 of 3rd period - Slapshot by Jon Merrill.
10:44 of 3rd period - Shot Blocked by Trevor Daley.
10:46 of 3rd period - Wrist shot by Johnny Gaudreau.
10:46 of 3rd period - Stopped by Jonathan Quick with a rebound.
10:48 of 3rd period - Slapshot by Johnny Gaudreau.
10:48 of 3rd period - Shot Blocked by Chris Drury.
11:32 of 3rd period - Slapshot by Vladimir Tarasenko.
11:32 of 3rd period - Stopped by Brian Elliott without a rebound.
11:33 of 3rd period - Marc Savard wins face-off versus Greg Campbell in Kings zone.
11:46 of 3rd period - Wrist shot by Vladimir Tarasenko.
11:46 of 3rd period - Shot Blocked by Jon Merrill.
11:48 of 3rd period - Snap shot by Simon Gagné.
11:48 of 3rd period - Stopped by Brian Elliott with a rebound.
11:52 of 3rd period - Snap shot by Vladimir Tarasenko.
11:52 of 3rd period - Shot Blocked by Greg Campbell.
12:08 of 3rd period - Wrist shot by Vladimir Tarasenko.
12:08 of 3rd period - Stopped by Brian Elliott without a rebound.
12:09 of 3rd period - Chris Drury wins face-off versus Sidney Crosby in Kings zone.
12:38 of 3rd period - Chris Drury is hit by Ryan O'Reilly and loses puck.
12:45 of 3rd period - David Booth is hit by Jay Bouwmeester and loses puck.
13:10 of 3rd period - Slapshot by Ryan Ellis.
13:10 of 3rd period - Shot Misses the Net.
13:12 of 3rd period - Slapshot by Ryan Ellis.
13:12 of 3rd period - Deflect By Ryan Johansen.
13:12 of 3rd period - Stopped by Brian Elliott with a rebound.
13:30 of 3rd period - Snap shot by Kyle Calder.
13:30 of 3rd period - Deflect By Mike Fisher.
13:30 of 3rd period - Shot Misses the Net.
13:30 of 3rd period - Puck is out of play.
13:31 of 3rd period - Mike Fisher wins face-off versus Sidney Crosby in Kings zone.
13:34 of 3rd period - Backhand shot by George Parros.
13:34 of 3rd period - Stopped by Brian Elliott without a rebound.
13:35 of 3rd period - Sidney Crosby wins face-off versus Marc Savard in Kings zone.
13:42 of 3rd period - Vladimir Tarasenko is hit by Mike Komisarek and loses puck.
14:29 of 3rd period - Snap shot by R.J. Umberger.
14:29 of 3rd period - Stopped by Brian Elliott without a rebound.
14:30 of 3rd period - Ryan Johansen wins face-off versus Marc Savard in Kings zone.
14:55 of 3rd period - Ryan O'Reilly is hit by Chris Drury and loses puck.
15:04 of 3rd period - Snap shot by Chris Drury.
15:04 of 3rd period - Shot Blocked by Darnell Nurse.
15:06 of 3rd period - Snap shot by Ryan Callahan.
15:06 of 3rd period - Stopped by Brian Elliott without a rebound.
15:07 of 3rd period - Ryan Johansen wins face-off versus David Legwand in Kings zone.
15:09 of 3rd period - Double Minor Penalty to Peter Worrell for Roughing.
15:10 of 3rd period - Sidney Crosby wins face-off versus Marc Savard in Kings zone.
15:48 of 3rd period - Snap shot by Greg Campbell.
15:48 of 3rd period - Stopped by Jonathan Quick with a rebound.
15:50 of 3rd period - Snap shot by Shea Weber.
15:50 of 3rd period - Shot Misses the Net.
15:52 of 3rd period - Snap shot by Greg Campbell.
15:52 of 3rd period - Goal by Greg Campbell - Nordiques : 2 - Kings : 4.
15:53 of 3rd period - Marc Savard wins face-off versus Sidney Crosby in neutral zone.
16:04 of 3rd period - Wrist shot by Vladimir Tarasenko.
16:04 of 3rd period - Stopped by Brian Elliott without a rebound.
16:05 of 3rd period - Marc Savard wins face-off versus Sidney Crosby in Kings zone.
16:14 of 3rd period - Snap shot by Marc Savard.
16:14 of 3rd period - Deflect By Vladimir Tarasenko.
16:14 of 3rd period - Shot Misses the Net.
16:14 of 3rd period - Puck is out of play.
16:15 of 3rd period - Sidney Crosby wins face-off versus Marc Savard in Kings zone.
16:28 of 3rd period - Jay Bouwmeester is hit by Darnell Nurse and loses puck.
16:37 of 3rd period - Snap shot by Mike Brown.
16:37 of 3rd period - Stopped by Jonathan Quick with a rebound.
17:21 of 3rd period - Slapshot by Vladimir Tarasenko.
17:21 of 3rd period - Shot Misses the Net.
18:04 of 3rd period - Wrist shot by Simon Gagné.
18:04 of 3rd period - Shot Blocked by Ryan O'Reilly.
18:06 of 3rd period - Snap shot by Simon Gagné.
18:06 of 3rd period - Stopped by Brian Elliott without a rebound.
18:07 of 3rd period - David Legwand wins face-off versus Sidney Crosby in Kings zone.
18:37 of 3rd period - Fedor Tyutin is hit by Patrick Kane.
18:53 of 3rd period - Mike Brown is hit by Chris Drury and loses puck.
19:09 of 3rd period - Penalty to Peter Worrell is over, Peter Worrell is back on ice.
19:28 of 3rd period - Snap shot by Greg Campbell.
19:28 of 3rd period - Shot Blocked by Jay Bouwmeester.
19:30 of 3rd period - Slapshot by Shea Weber.
19:30 of 3rd period - Shot Blocked by Jay Bouwmeester.
19:32 of 3rd period - Snap shot by Peter Worrell.
19:32 of 3rd period - Stopped by Jonathan Quick with a rebound.
19:34 of 3rd period - Snap shot by Peter Worrell.
19:34 of 3rd period - Stopped by Jonathan Quick with a rebound.
19:38 of 3rd period - Snap shot by Greg Campbell.
19:38 of 3rd period - Stopped by Jonathan Quick without a rebound.
19:39 of 3rd period - Ryan Callahan wins face-off versus Ryan O'Reilly in Nordiques zone.
19:46 of 3rd period - Wrist shot by Trevor Daley.
19:46 of 3rd period - Shot Blocked by Ryan O'Reilly.
19:48 of 3rd period - Wrist shot by Jean-Pierre Dumont.
19:48 of 3rd period - Stopped by Brian Elliott without a rebound.
19:49 of 3rd period - Ryan Callahan wins face-off versus Ryan O'Reilly in Kings zone.
19:58 of 3rd period - Slapshot by Jean-Pierre Dumont.
19:58 of 3rd period - Stopped by Brian Elliott with a rebound.
Goals for this period are 0 for Nordiques vs 1 for Kings.
Shots for this period are 16 for Nordiques vs 12 for Kings.
Back to the Top